Map: King Sejong Station LE

Players

Neeblet (Neeb) - Winner!

  • Race: Protoss Protoss
  • League: Master

Kelazhur

  • Race: Terran Terran
  • League: Master

Event: DreamHack ZOWIE Open Valencia 2016

VOD

Have the link to the VOD?

Description

Time

  • Played on: July 14, 2016, 2:46 p.m.
  • Length: 13:40

All games in this series

Show
View Real Time Build Order
Export as new Build Order

Neeblet Protoss - Winner!

Build Orders: 1 Gate Expand, Oracle Opening, Phoenix Opening 

Get SALT Encoding   

  12  0:01  Probe (Chrono Boost)  
  13  0:11  Probe (Chrono Boost)  
  14  0:17  Pylon  
  14  0:22  Probe (Chrono Boost)  
  16  0:35  Probe (Chrono Boost)  
  16  0:36  Gateway  
  16  0:46  Probe (Chrono Boost)  
  17  0:56  Probe (Chrono Boost)  
  18  1:02  Assimilator  
  18  1:07  Probe (Chrono Boost)  
  19  1:20  Nexus  
  19  1:23  Probe (Chrono Boost)  
  20  1:32  Cybernetics Core  
  20  1:35  Probe (Chrono Boost)  
  21  1:42  Assimilator  
  21  1:46  Probe (Chrono Boost)  
  22  1:50  Pylon  
  22  1:56  Probe (Chrono Boost)  
  23  2:05  Adept  
  24  2:09  Warp Gate, Probe (Chrono Boost)  
  24  2:15  Assimilator  
  26  2:21  Probe (Chrono Boost)  
  27  2:32  Probe x2 (Chrono Boost)  
  27  2:34  Adept  
  27  2:35  Stargate  
  33  2:44  Probe x2 (Chrono Boost)  
  33  2:55  Mothership Core (Chrono Boost)  
  33  2:58  Adept  
  36  3:00  Probe (Chrono Boost)  
  38  3:06  Pylon  
  38  3:12  Probe (Chrono Boost)  
  39  3:14  Oracle, Probe (Chrono Boost)  
  43  3:24  Probe (Chrono Boost)  
  44  3:27  Pylon  
  44  3:30  Probe (Chrono Boost)  
  45  3:36  Probe (Chrono Boost)  
  45  3:38  Adept  
  47  3:42  Probe (Chrono Boost)  
  47  3:46  Phoenix  
  47  3:48  Probe (Chrono Boost)  
  50  3:54  Probe (Chrono Boost)  
  52  4:00  Probe (Chrono Boost)  
  53  4:06  Probe (Chrono Boost)  
  53  4:08  Phoenix  
  54  4:14  Probe (Chrono Boost)  
  54  4:15  Stalker  
  60  4:18  Probe (Chrono Boost)  
  60  4:26  Probe (Chrono Boost)  
  60  4:30  Probe (Chrono Boost), Phoenix  
  54  4:31  Pylon  
  54  4:34  Robotics Facility  
  54  4:35  Adept  
  59  4:38  Probe (Chrono Boost)  
  59  4:43  Probe (Chrono Boost)  
  60  4:47  Assimilator  
  60  4:50  Probe (Chrono Boost)  
  60  4:51  Phoenix  
  61  4:55  Probe (Chrono Boost)  
  61  4:57  Sentry, Gateway x2  
  66  5:01  Pylon  
  66  5:06  Probe (Chrono Boost)  
  66  5:17  Phoenix  
  67  5:26  Immortal  
  67  5:27  Nexus  
  71  5:36  Gateway  
  71  5:39  Phoenix  
  69  5:46  Probe (Chrono Boost)  
  69  5:48  Probe (Chrono Boost)  
  73  5:50  Adept  
  73  5:53  Pylon  
  75  6:01  Pylon  
  75  6:05  Immortal  
  77  6:14  Phoenix  
  77  6:15  Probe (Chrono Boost)  
  77  6:17  Probe (Chrono Boost)  
  82  6:27  Probe (Chrono Boost)  
  82  6:30  Probe (Chrono Boost)  
  83  6:39  Probe (Chrono Boost)  
  84  6:42  Forge, Twilight Council, Probe (Chrono Boost)  
  85  6:48  Probe (Chrono Boost)  
  85  6:51  Warp Prism, Probe (Chrono Boost)  
  85  6:53  Assimilator  
  85  6:54  Probe (Chrono Boost)  
  88  6:57  Assimilator  
  88  6:58  Probe (Chrono Boost)  
  88  6:59  Phoenix  
  91  7:03  Probe (Chrono Boost)  
  91  7:07  Forge  
  91  7:08  Pylon  
  94  7:15  Blink  
  92  7:20  Sentry, Adept x2  
  92  7:22  Immortal  
  100  7:36  Probe x2 (Chrono Boost)  
  102  7:42  Probe (Chrono Boost)  
  99  7:52  Stalker x3  
  99  7:56  Probe (Chrono Boost)  
  99  7:57  Protoss Ground Weapons Level 1, Phoenix  
  106  8:01  Immortal  
  108  8:10  Gateway  
  108  8:11  Gateway  
  112  8:13  Gateway  
  112  8:15  Gateway  
  112  8:20  Gateway  
  112  8:21  Stalker x2  
  112  8:25  Pylon  
  112  8:26  Pylon  
  116  8:36  Assimilator  
  116  8:41  Observer  
  117  8:49  Stalker x3  
  117  8:52  Pylon  
  115  9:12  Adept  
  115  9:13  Adept x2, Resonating Glaives  
  119  9:21  Adept x5  
  129  9:27  Forge  
  129  9:29  Robotics Bay  
  127  9:36  Nexus  
  121  9:41  Protoss Ground Armor Level 1  
  95  9:55  Protoss Ground Weapons Level 2  
  95  9:58  Adept  
  95  9:59  Adept x6  
  105  10:00  Adept  
  105  10:02  Pylon  
  107  10:09  Probe x3 (Chrono Boost)  
  107  10:14  Disruptor  
  109  10:26  Stalker x3  
  109  10:27  Stalker x2, Sentry x2  
  109  10:28  Stalker  
  125  10:40  Pylon  
  125  10:45  Disruptor  
  115  10:50  Pylon  
  115  10:52  Stalker x4  
  115  10:53  Stalker x2  
  115  10:56  Stalker  
  132  10:58  Stalker  
  134  11:16  Disruptor  
  134  11:24  Adept x3  
  134  11:25  Adept x5  
  146  11:45  Adept x3  
  146  11:46  Adept x5  
  162  11:47  Disruptor  
  138  12:07  Stalker x5  
  148  12:12  Pylon  
  148  12:13  Pylon, Assimilator  
  148  12:15  Assimilator  
  148  12:16  Pylon  
  148  12:18  Pylon  
  148  12:23  Adept x3  
  154  12:34  Adept x3  
  154  12:35  Adept x2  
  163  12:44  Adept x3  
  132  13:09  Stalker x6  
  132  13:10  Stalker, Adept  
  146  13:23  Nexus  
  123  13:34  Adept x3  
  123  13:36  Adept x2  
  123  13:39  Stalker x2  
Show
View Real Time Build Order
Export as new Build Order

Kelazhur Terran 

Build Orders: 1/1/1, Widow Mine Drop 

Get SALT Encoding   

  12  0:00  SCV  
  13  0:13  SCV  
  14  0:17  Supply Depot  
  14  0:25  SCV  
  15  0:38  SCV  
  15  0:40  Barracks  
  16  0:44  Refinery  
  16  0:50  SCV  
  16  0:53  Refinery  
  17  1:03  SCV  
  18  1:15  SCV  
  19  1:27  Marine, Orbital Command  
  20  1:34  Factory  
  20  1:41  Supply Depot  
  20  1:45  Barracks Reactor  
  20  1:52  SCV  
  21  2:05  SCV  
  22  2:17  SCV, Widow Mine  
  22  2:18  Starport  
  22  2:21  Supply Depot, Marine x2  
  27  2:29  SCV  
  28  2:39  Marine x2  
  28  2:41  SCV  
  31  2:47  Hellion  
  31  2:48  Supply Depot  
  33  2:53  SCV  
  33  2:55  Medivac  
  33  2:57  Marine  
  37  3:08  Hellion  
  39  3:25  Command Center  
  39  3:31  SCV  
  39  3:34  Factory Tech Lab  
  40  3:37  Viking  
  40  3:39  Marine  
  43  3:41  Marine  
  44  3:51  Supply Depot  
  44  3:55  SCV  
  45  4:06  Marine x2  
  47  4:12  Siege Tank  
  47  4:16  SCV  
  48  4:31  Viking  
  50  4:33  SCV  
  50  4:34  Supply Depot  
  50  4:38  Orbital Command  
  51  4:45  SCV  
  52  4:48  Marine  
  53  4:55  Siege Tank  
  53  4:57  SCV  
  55  5:03  Marine  
  55  5:06  Marine  
  57  5:09  SCV  
  57  5:12  Bunker  
  55  5:21  SCV  
  55  5:22  Engineering Bay  
  55  5:23  Viking  
  55  5:27  Siege Tank  
  61  5:29  Marine  
  61  5:33  SCV  
  61  5:34  SCV  
  62  5:44  Marine  
  62  5:45  SCV  
  62  5:46  SCV  
  62  5:47  Marine  
  63  5:53  Missile Turret  
  63  5:57  SCV  
  63  5:58  SCV  
  63  5:59  Barracks  
  63  6:00  Siege Tank  
  68  6:06  Marine x2  
  68  6:10  SCV x2  
  69  6:22  SCV  
  69  6:23  SCV  
  69  6:24  Viking  
  69  6:25  Marine x2  
  74  6:29  Missile Turret  
  71  6:34  SCV  
  71  6:35  SCV  
  71  6:39  Missile Turret  
  70  6:42  Cyclone  
  70  6:46  SCV, Marine x2  
  70  6:47  Marine, SCV  
  64  6:58  SCV  
  64  6:59  SCV  
  56  7:04  Marine x3  
  58  7:10  SCV  
  58  7:11  SCV  
  58  7:14  Siege Tank  
  62  7:21  Marine  
  62  7:22  Marine, SCV  
  64  7:23  SCV  
  64  7:26  Command Center, Barracks Tech Lab  
  65  7:33  Barracks  
  65  7:34  Refinery x2  
  65  7:35  Terran Infantry Weapons Level 1  
  65  7:36  SCV  
  65  7:48  SCV, Marine x2  
  64  7:53  SCV  
  64  7:55  Siege Tank  
  68  7:58  Marine  
  68  8:00  SCV, Bunker  
  68  8:02  Bunker  
  68  8:05  SCV  
  69  8:10  Marine x2  
  69  8:12  SCV  
  72  8:17  SCV  
  72  8:18  Marine, Stimpack  
  74  8:20  Starport Reactor  
  74  8:24  SCV  
  74  8:25  Barracks Tech Lab  
  74  8:28  Siege Tank  
  74  8:29  SCV, Barracks  
  74  8:30  Barracks  
  74  8:31  Supply Depot  
  77  8:36  SCV  
  78  8:43  Marine x3  
  78  8:45  Marauder  
  82  8:49  SCV  
  82  8:50  Orbital Command  
  82  8:51  Combat Shields  
  71  9:04  Marine x2, Marauder  
  75  9:11  SCV x2, Bunker  
  75  9:14  Siege Tank  
  79  9:17  SCV  
  79  9:22  Marauder  
  79  9:23  SCV  
  81  9:24  Marine  
  81  9:29  Marine x3, Marauder  
  82  9:42  Marine  
  82  9:43  Marine  
  82  9:45  SCV  
  72  9:47  Marine x3, Siege Tank  
  72  9:48  SCV x2  
  72  9:51  Marauder  
  78  9:59  Marine  
  76  10:02  Marauder  
  76  10:05  Marine x2  
  76  10:06  Supply Depot, Marine  
  82  10:09  Bunker  
  82  10:12  Marine  
  83  10:16  Medivac  
  83  10:17  Marine, Medivac  
  88  10:22  Marine  
  88  10:23  Marine  
  88  10:24  Marauder  
  88  10:26  Terran Infantry Armor Level 1  
  92  10:29  Orbital Command  
  92  10:30  SCV x2  
  94  10:35  Marine  
  94  10:36  Marauder  
  94  10:40  Supply Depot  
  97  10:44  Siege Tank  
  97  10:46  SCV  
  97  10:47  Marine, Marauder  
  104  10:54  Barracks Tech Lab  
  104  10:55  SCV, Barracks Reactor  
  104  10:56  SCV  
  106  11:04  Marine x2, Marauder  
  109  11:05  Medivac  
  109  11:08  Medivac  
  112  11:20  Marine  
  112  11:21  Marauder  
  112  11:25  Marine  
  115  11:26  Marine  
  115  11:27  Supply Depot  
  116  11:40  Marine  
  116  11:43  Supply Depot  
  117  11:48  Marine  
  117  11:49  Marauder x2, Siege Tank  
  117  11:50  Liberator x2  
  117  11:51  Marine  
  117  11:52  Marauder  
  118  11:58  Marine  
  87  12:04  SCV  
  87  12:05  SCV x2  
  87  12:06  Marine  
  87  12:09  Marine  
  87  12:11  Marauder  
  90  12:16  SCV  
  90  12:17  Marine x2  
  90  12:18  Marauder  
  90  12:20  Marine  
  96  12:26  Refinery  
  96  12:27  Supply Depot  
  95  12:32  Liberator  
  95  12:33  Marine x2, Marauder  
  99  12:40  Marine, Marauder  
  99  12:42  Marine  
  99  12:43  Marauder  
  95  12:50  Concussive Shells  
  95  12:51  Marine  
  76  12:59  Marauder  
  76  13:00  Marine  
  79  13:09  Marauder  
  79  13:12  Marine  
  82  13:18  Marine  

Tags
 
Add a new tag
Caveats
  • Supply blocks, unpowered buildings, or Contaminate may cause inaccurate times.
  • Supply counts are checked every 10 seconds.